 Dungeon Crawl Stone Soup version 0.16.2-12-gd0ad4c3 (webtiles) character file.

517 faibistes the Magician (level 7, -1/36 HPs)
             Began as a Deep Elf Wizard on Jan 15, 2019.
             Was an Initiate of Sif Muna.
             Slain by a worker ant (4 damage)
             ... on level 3 of the Dungeon.
             The game lasted 00:10:21 (3569 turns).

faibistes the Magician (Deep Elf Wizard)            Turns: 3569, Time: 00:10:23

Health: -1/36      AC:  6    Str:  4    XL:     7   Next: 0%
Magic:  6/25       EV: 13    Int: 25    God:    Sif Muna [......]
Gold:   75         SH:  0    Dex: 13    Spells: 6 memorised, 7 levels left

rFire  . . .     SeeInvis .     e - +1 dagger
rCold  . . .     Clarity  .     n - +2 robe {MR+}
rNeg   + . .     SustAb   .     (no shield)
rPois  .         Gourm    .     b - +0 hat
rElec  .         Spirit   .     h - +0 cloak
rCorr  .         Warding  .     (no gloves)
rMut   .         Stasis   .     o - +0 pair of boots
MR     +....                    (no amulet)
Stlth  ++........               (no ring)
                                a - ring of positive energy

@: lethally poisoned (-1 -> -19), drained, somewhat resistant to hostile
enchantments, unstealthy
A: no striking features
a: Renounce Religion


You were on level 3 of the Dungeon.
You worshipped Sif Muna.
Sif Muna was noncommittal.
You were not hungry.

You visited 2 branches of the dungeon, and saw 6 of its levels.

You collected 75 gold pieces.

Inventory:

Hand weapons
 e - a +1 dagger (weapon)
Armour
 b - a +0 hat (worn)
 h - a +0 cloak (worn)
 n - a +2 robe of magic resistance (worn)
 o - a +0 pair of boots (worn)
Jewellery
 a - a ring of positive energy (left hand)
Scrolls
 f - a scroll of recharging {unknown}
 i - 4 scrolls of remove curse
 k - a scroll of teleportation
 q - a scroll of enchant armour {unknown}
Potions
 g - 2 potions of poison
 j - 2 potions of restore abilities
 m - a potion of heal wounds {unknown}
 p - a potion of brilliance {unknown}
Books
 c - a book of Minor Magic

   Spells                             Type                      Level
   a - Magic Dart                     Conjuration                  1
   b - Blink                          Translocation                2
   c - Call Imp                       Summoning                    2
   d - Repel Missiles                 Charms/Air                   2
   e - Slow                           Hexes                        2
   f - Conjure Flame                  Conjuration/Fire             3
   g - Mephitic Cloud                 Conjuration/Poison/Air       3
Comestibles
 d - 3 bread rations


   Skills:
 + Level 4.1(3.9) Dodging
 - Level 2.4(2.2) Stealth
 * Level 7.0(6.8) Spellcasting
 * Level 4.1(4.0) Conjurations
 - Level 1.1(0.9) Summonings
 - Level 2.3(2.1) Translocations
 * Level 1.8(1.6) Fire Magic
 * Level 1.4(1.2) Air Magic
 + Level 1.5(1.4) Poison Magic


You had 7 spell levels left.
You knew the following spells:

 Your Spells              Type           Power        Failure   Level  Hunger
a - Magic Dart            Conj           ####         1%          1    None
b - Conjure Flame         Conj/Fire      ###.....     8%          3    None
c - Call Imp              Summ           ##......     10%         2    None
d - Blink                 Tloc           N/A          6%          2    None
e - Mephitic Cloud        Conj/Pois/Air  ###.....     12%         3    None
f - Repel Missiles        Chrm/Air       ##....       10%         2    None


Dungeon Overview and Level Annotations

Branches:
Dungeon (5/15)             Temple (1/1) D:4

Altars:
Ashenzari
Fedhas
Gozag
Nemelex Xobeh
Okawaru
Ru
Sif Muna
Yredelemnul
The Shining One
Lugonu

Annotations:
D:3 faibistes' ghost, average DEWz


Message History

You feel sick.
The worker ant bites you but does no damage.
You feel sick. The rat bites you but does no damage. The rat bites you.
* * * LOW HITPOINT WARNING * * *
The rat barely misses you. The worker ant closely misses you.
Drink which item? (? for menu, Esc to quit)
It was a potion of poison.
That liquid tasted very nasty...
You are lethally poisoned!
* * * LOW HITPOINT WARNING * * *
You feel sick. The rat barely misses you. The worker ant barely misses you.
Drink which item? (? for menu, Esc to quit)
It was a potion of cancellation.
Your magical effects are unravelling.
You feel magically purged.
* * * LOW HITPOINT WARNING * * *
You feel sick. The giant gecko barely misses you. The rat closely misses you.
The worker ant bites you.
You die...

. #. #. #.## #...
#..# #..# #..#
#.####.@###
#.....lra.#
######....#
##.### #####.#
#.....#
####.#######
######.........)#
................#


You could see a worker ant, a giant gecko and a rat.

Vanquished Creatures
  Edmund (D:4)
  An ogre (D:4)
  A wight (D:4)
  A hound (D:4)
  An orc priest (D:4)
  A worker ant (D:4)
  Natasha (thrice) (D:4)
  Jessica (D:2)
  A hound skeleton (D:3)
  6 gnolls (D:2)
  3 adders
  A shadow imp (D:3)
  A giant mite (D:2)
  A worm (D:2)
  2 giant geckos
  An ooze (D:1)
  4 orcs (D:4)
  A bat skeleton (D:4)
  3 giant cockroaches
  4 goblins
  6 hobgoblins
  5 jackals (D:2)
  4 kobolds
  A quokka (D:4)
  4 bats
  6 giant newts
  8 rats
72 creatures vanquished.

Vanquished Creatures (collateral kills)
  2 adders
  An ooze (D:2)
  A bat (D:4)
  A goblin (D:4)
  2 jackals (D:2)
  A kobold (D:3)
8 creatures vanquished.

Vanquished Creatures (others)
  A crimson imp (D:4)
  A shadow imp (D:3)
  A white imp (D:4)
3 creatures vanquished.

Grand Total: 83 creatures vanquished

Notes
Turn   | Place    | Note
--------------------------------------------------------------
     0 | D:1      | faibistes, the Deep Elf Wizard, began the quest for the Orb.
     0 | D:1      | Reached XP level 1. HP: 10/10 MP: 6/6
   254 | D:1      | Reached XP level 2. HP: 12/15 MP: 0/10
   258 | D:1      | Learned a level 2 spell: Blink
   261 | D:1      | Learned a level 2 spell: Call Imp
   902 | D:2      | Reached XP level 3. HP: 19/19 MP: 9/13
   929 | D:2      | Learned a level 3 spell: Conjure Flame
   933 | D:2      | Learned a level 3 spell: Mephitic Cloud
   995 | D:2      | Noticed Jessica
  1002 | D:2      | Killed Jessica
  1002 | D:2      | Reached skill level 5 in Spellcasting
  1410 | D:1      | You fall through a shaft!
  1705 | D:2      | Reached XP level 4. HP: 24/24 MP: 13/17
  1709 | D:2      | Learned a level 2 spell: Repel Missiles
  2028 | D:3      | Noticed faibistes' ghost (average DEWz)
  2372 | D:2      | Reached skill level 6 in Spellcasting
  2372 | D:2      | Reached XP level 5. HP: 22/28 MP: 5/20
  2648 | D:2      | You fall through a shaft for 2 floors!
  2662 | D:4      | Found a staircase to the Ecumenical Temple.
  2673 | Temple   | Entered the Ecumenical Temple
  2714 | Temple   | Became a worshipper of Sif Muna the Loreminder
  2777 | D:4      | Noticed Edmund
  2787 | D:4      | Killed Edmund
  2787 | D:4      | Reached XP level 6. HP: 26/32 MP: 11/22
  2981 | D:4      | Reached skill level 1 in Fire Magic
  2982 | D:4      | Noticed an ogre
  2983 | D:4      | Reached skill level 1 in Poison Magic
  3050 | D:4      | Noticed Natasha
  3059 | D:4      | Killed Natasha
  3059 | D:4      | Reached skill level 1 in Air Magic
  3269 | D:4      | Killed an ogre
  3271 | D:4      | Noticed Natasha
  3273 | D:4      | Killed Natasha
  3304 | D:4      | Found a sand-covered staircase.
  3304 | D:4      | Noticed Natasha
  3308 | D:4      | Killed Natasha
  3463 | D:5      | Entered Level 5 of the Dungeon
  3487 | D:4      | Reached skill level 7 in Spellcasting
  3487 | D:4      | Reached XP level 7. HP: 14/36 MP: 7/25
  3569 | D:3      | Slain by a worker ant

Action                   |  1- 3 |  4- 6 |  7- 9 || total
-------------------------+-------+-------+-------++-------
Melee: Dagger            |       |     8 |     1 ||     9
 Cast: Magic Dart        |    74 |   123 |     5 ||   202
       Call Imp          |     5 |     4 |     1 ||    10
       Blink             |     1 |     7 |     1 ||     9
       Mephitic Cloud    |     1 |    10 |     1 ||    12
       Conjure Flame     |       |     5 |     2 ||     7
       Repel Missiles    |       |     1 |       ||     1
  Use: Potion            |       |     1 |     2 ||     3
       Scroll            |       |     8 |       ||     8
 Stab: Confused          |       |       |     1 ||     1
  Eat: Chunk             |     2 |     6 |       ||     8
